 Dungeon Crawl Stone Soup version 0.14-a0-1844-g8283a67 (webtiles) character file.

2999 Jenx the Basher (level 9, -8/81 HPs)
             Began as a Hill Orc Skald on Jan 11, 2014.
             Was an Initiate of Ashenzari.
             Killed by the air
             ... invoked by Gastronok
              (16 damage)
             ... on Level 8 of the Dungeon.
             The game lasted 00:31:08 (7469 turns).

Jenx the Basher (Hill Orc Skald)                    Turns: 7469, Time: 00:31:09

HP  -8/81        AC 10     Str 15      XL: 9   Next: 83%
MP   7/13        EV  9     Int 15      God: Ashenzari [......]
Gold 8           SH  0     Dex 10      Spells:  4 memorised,  2 levels left

rFire  . . .     SeeInvis .     b - +1,+3 orc morningstar (curse)
rCold  . . .     Clarity  .     D - +0 orc ring mail
rNeg   . . .     Conserve .     (no shield)
rPois  +         rCorr    .     (no helmet)
rElec  .         rRot     .     E - +2 cloak {rPois}
SustAb . .       Spirit   .     (no gloves)
rMut   .         Warding  .     i - +0 pair of dwarf boots
Saprov + . .     Stasis   .     (no amulet)
                                (no ring)
                                (no ring)

@: slowed, very slow, slightly resistant to hostile enchantments, extremely
unstealthy
A: saprovore 1
a: Renounce Religion


You were on level 8 of the Dungeon.
You worshipped Ashenzari.
Ashenzari was noncommittal.
You were very hungry.

You visited 2 branches of the dungeon, and saw 9 of its levels.

You collected 207 gold pieces.
You spent 199 gold pieces at shops.

Inventory:

Hand weapons
 a - a +0,-1 whip of electrocution
 b - a cursed +1,+3 orcish morningstar (weapon)
 k - a +1,+0 whip of flaming
 N - a +0,+2 orcish dagger of electrocution
Missiles
 q - 7 tomahawks (quivered)
 r - 4 poisoned darts
Armour
 i - a +0 pair of dwarven boots (worn)
 D - a +0 orcish ring mail (worn)
 E - a +2 cloak of poison resistance (worn)
 M - the +2 cloak "Dicaic" {Str+2 Acc-1 Dam-6}
   (You bought it in a shop on level 4 of the Dungeon)

   It affects your strength (+2).
   It affects your accuracy (-1).
   It affects your damage-dealing abilities (-6).
Magical devices
 p - a wand of slowing (4)
 y - a wand of confusion (1)
 K - a wand of slowing (3)
 L - a wand of teleportation (5)
 Q - a wand of lightning (0)
 S - a wand of random effects (9) {unknown}
 X - a wand of flame (15) {unknown}
Comestibles
 d - a meat ration
 h - a rambutan
 x - 3 bread rations
 B - an apple
 J - 4 chokos
 T - 8 grapes
Scrolls
 f - 2 scrolls of recharging
 g - a scroll of teleportation
 o - a scroll of blinking
 u - a scroll of identify
 w - a scroll of magic mapping
 A - a scroll of curse weapon
 F - 2 scrolls of amnesia
 G - a scroll of remove curse
 H - a scroll of fear
 O - a scroll of immolation
 R - a scroll of curse jewellery
Potions
 j - 2 potions of speed
 m - a potion of heal wounds
 n - a potion of might {unknown}
 s - 4 potions of curing
 t - a potion of invisibility {unknown}
 v - 2 potions of flight {unknown}
 C - a potion of restore abilities {unknown}
 I - 4 potions of agility {unknown}
Books
 c - a book of Battle

   Spells                             Type                      Level
   *Infusion                          Charms                       1
   *Shroud of Golubria                Charms/Translocation         2
   Song of Slaying                    Charms                       2
   *Spectral Weapon                   Hexes/Charms                 3
   *Regeneration                      Charms/Necromancy            3
 e - a book of Enchantments

   Spells                             Type                      Level
   Cause Fear                         Hexes                        4
   Silence                            Hexes/Air                    5
   Tukima's Dance                     Hexes                        5
   Deflect Missiles                   Charms/Air                   6
   Haste                              Charms                       6
   Discord                            Hexes                        8
 P - a book of the Tempests

   Spells                             Type                      Level
   Static Discharge                   Conjuration/Air              3
   Lightning Bolt                     Conjuration/Air              5
   Fireball                           Conjuration/Fire             5
   Tornado                            Air                          9
   Shatter                            Earth                        9


   Skills:
 - Level 8.1 Fighting
 * Level 9.9 Maces & Flails
   Level 3.3 Polearms
 + Level 1.9 Armour
 - Level 0.7 Dodging
 - Level 1.5 Spellcasting
 - Level 3.5 Hexes
 - Level 5.3 Charms
 - Level 1.9 Necromancy


You had 2 spell levels left.
You knew the following spells:

 Your Spells              Type           Power        Failure   Level  Hunger
a - Infusion              Chrm           ###...       2%          1    ##.....
b - Shroud of Golubria    Chrm/Tloc      #.........   12%         2    ###....
c - Spectral Weapon       Hex/Chrm       ##......     14%         3    ####...
d - Regeneration          Chrm/Necr      ##........   21%         3    ####...


Dungeon Overview and Level Annotations

Branches:
Dungeon (8/16)             Temple (1/1) D:7
   Lair: D:8-11

Altars:
Ashenzari
Cheibriados
Elyvilon
Kikubaaqudgha
Makhleb
Nemelex Xobeh
Okawaru
Sif Muna
Trog
Vehumet
Xom
Yredelemnul
Zin

Shops:
D:4 */(?

Annotations:
D:4 art cloak 144 gp
D:8 Gastronok


Innate Abilities, Weirdness & Mutations

You can tolerate rotten meat.


Message History

You puncture Gastronok!
Gastronok is moderately wounded.
Your spectral weapon hits Gastronok.
Gastronok gurgles, "Huuuuuuuuuuungry!"
Gastronok bites you!
You hit Gastronok.
Gastronok is moderately wounded.
Your spectral weapon fades away.
Gastronok bites you!
* * * LOW HITPOINT WARNING * * *
You are feeling very hungry.
You barely miss Gastronok.
Gastronok is moderately wounded.
Gastronok bites you.
* * * LOW HITPOINT WARNING * * *
You sock Gastronok!
Gastronok is moderately wounded.
Gastronok waves his eye-stalks in wide circles.
The air twists around and strikes you!
You die...

##+## ##...##
##.....##
##.j..$..## ..#
#.........#
.....
+..@......+ ...
#.........#
###.#
##.......##
##...##
##.....##
###.....###
##...##
#.........#
##'## #.....#<#
#.#
##!..##.######.#
##............#


You could see Gastronok.

Vanquished Creatures
  Pikel (D:4)
  A hungry ghost (D:8)
  3 phantoms
  An ice beast (D:4)
  2 sky beasts (D:7)
  4 ogres
  4 slaves (D:4)
  Sigmund (D:2)
  4 centaurs
  A giant frog (D:6)
  6 crimson imps
  2 jellies
  5 hounds
  Crazy Yiuf (D:2)
  An orc priest (D:6)
  A giant frog skeleton (D:7)
  2 scorpions
  5 orc wizards
  An iguana (D:4)
  2 worker ants
  Ijyb (D:2)
  Terence (D:2)
  10 adders
  2 worms
  11 giant geckos
  An ooze (D:2)
  19 orcs
  A bat skeleton (D:4)
  9 giant cockroaches
  10 goblins
  14 hobgoblins
  12 jackals
  12 kobolds
  3 quokkas
  3 ball pythons
  16 bats
  13 giant newts
  An orc zombie (D:7)
  A quokka zombie (D:7)
  13 rats
  2 rat skeletons (D:7)
  3 rat zombies
206 creatures vanquished.

Vanquished Creatures (others)
  An orc (D:6)
1 creature vanquished.

Grand Total: 207 creatures vanquished

Notes
Turn   | Place    | Note
--------------------------------------------------------------
     0 | D:1      | Jenx, the Hill Orc Skald, began the quest for the Orb.
     0 | D:1      | Reached XP level 1. HP: 18/18 MP: 2/2
   104 | D:1      | Reached skill level 3 in Polearms
   104 | D:1      | Reached XP level 2. HP: 19/25 MP: 3/3
   377 | D:1      | Reached skill level 1 in Maces & Flails
   391 | D:1      | Reached XP level 3. HP: 28/30 MP: 5/5
   660 | D:2      | Learned a level 2 spell: Shroud of Golubria
   677 | D:2      | Noticed Ijyb
   691 | D:2      | Killed Ijyb
   691 | D:2      | Reached XP level 4. HP: 37/37 MP: 6/6
   948 | D:2      | Noticed Terence
   963 | D:2      | Killed Terence
  1211 | D:2      | Noticed Crazy Yiuf
  1226 | D:2      | Killed Crazy Yiuf
  1226 | D:2      | Reached skill level 4 in Maces & Flails
  1226 | D:2      | Reached XP level 5. HP: 22/42 MP: 7/7
  1316 | D:2      | Noticed Sigmund
  1334 | D:2      | Killed Sigmund
  1334 | D:2      | Reached skill level 5 in Maces & Flails
  1552 | D:3      | Reached XP level 6. HP: 48/50 MP: 9/9
  1975 | D:3      | Found a burning altar of Makhleb.
  2076 | D:3      | Learned a level 3 spell: Spectral Weapon
  2363 | D:3      | Noticed a moth of wrath
  2364 | D:3      | Found a bloodstained altar of Trog.
  2528 | D:4      | Reached skill level 6 in Maces & Flails
  2647 | D:4      | Found Shraog Yfelis' Weapon Shop.
  2725 | D:4      | Found Selun's Magical Wand Emporium.
  2725 | D:4      | Found Shreru's Assorted Antiques.
  2807 | D:4      | Found Schuabbu's Magic Scroll Shop.
  2864 | D:4      | Reached skill level 7 in Maces & Flails
  2864 | D:4      | Reached XP level 7. HP: 43/56 MP: 7/10
  2877 | D:4      | Bought a scroll of identify for 22 gold pieces
  3227 | D:4      | Noticed Pikel
  3240 | D:4      | Killed Pikel
  3240 | D:4      | Reached skill level 9 in Maces & Flails
  3240 | D:4      | Reached XP level 8. HP: 53/62 MP: 5/11
  3507 | D:5      | Entered Level 5 of the Dungeon
  3548 | D:5      | Found a glowing silver altar of Zin.
  3549 | D:5      | Found a white marble altar of Elyvilon.
  3550 | D:5      | Found a radiant altar of Vehumet.
  3569 | D:5      | Found an ancient bone altar of Kikubaaqudgha.
  4148 | D:5      | Learned a level 3 spell: Regeneration
  4196 | D:5      | Reached skill level 5 in Charms
  4699 | D:6      | Reached skill level 1 in Hexes
  5298 | D:6      | Reached XP level 9. HP: 33/72 MP: 7/13
  5306 | D:6      | Reached skill level 5 in Fighting
  5554 | D:6      | Found an iron altar of Okawaru.
  6380 | D:7      | Reached skill level 1 in Necromancy
  6483 | D:7      | Found a staircase to the Ecumenical Temple.
  6495 | Temple   | Entered the Ecumenical Temple
  6527 | Temple   | Became a worshipper of Ashenzari the Shackled
  6853 | D:4      | Bought a heavily runed cloak for 144 gold pieces
  6935 | D:4      | Bought a scroll of remove curse for 33 gold pieces
  7454 | D:8      | Noticed Gastronok
  7469 | D:8      | Killed from afar by Gastronok

Action                   |  1- 3 |  4- 6 |  7- 9 || total
-------------------------+-------+-------+-------++-------
Melee: Spear             |    34 |       |       ||    34
       Whip              |    56 |   277 |   260 ||   593
       Morningstar       |       |       |   172 ||   172
Throw: Dart              |       |     8 |    10 ||    18
       Tomahawk          |       |       |    19 ||    19
 Cast: Shroud of Golubri |       |     1 |    10 ||    11
       Spectral Weapon   |       |       |     4 ||     4
       Regeneration      |       |       |     2 ||     2
Evoke: Wand              |       |       |     2 ||     2
  Use: Scroll            |       |     4 |    15 ||    19
       Potion            |       |     2 |       ||     2
 Stab: Distracted        |       |       |     1 ||     1
       Confused          |       |       |     1 ||     1
